 Dungeon Crawl Stone Soup version 0.28.0-1-gb440e238dd (webtiles) character file.

Game seed: 8054462363748729774

76 issech the Cudgeller (level 4, 0/44 HPs)
             Began as a Troll Monk on Feb 26, 2022.
             Succumbed to a scorpion's poison
             ... on level 2 of the Dungeon.
             The game lasted 00:06:39 (2056 turns).

issech the Cudgeller (Troll Monk)                   Turns: 2056, Time: 00:06:40

Health: 0/44       AC:  5    Str: 19    XL:     4   Next: 12%
Magic:  3/3        EV: 14    Int:  6    God:
Gold:   54         SH:  0    Dex: 14    Spells: 3/3 levels left

rFire   . . .      SeeInvis .   a - +0 mace
rCold   . . .      Faith    .   (no shield)
rNeg    . . .      Spirit   .   b - +0 robe
rPois   .          Reflect  .   (helmet restricted)
rElec   .          Harm     .   m - +0 cloak
rCorr   .          Rampage  .   (gloves unavailable)
Will    .....                   (boots unavailable)
Stlth   ++........              (no amulet)
HPRegen 0.94/turn               j - +4 ring of evasion
MPRegen 0.08/turn               (no ring)

@: lethally poisoned (0 -> -3)
A: large, unfitting armour, claws 3, regeneration 1, shaggy fur 1, tough skin 1
a: no special abilities


You were on level 2 of the Dungeon.
You visited 1 branch of the dungeon, and saw 3 of its levels.

You collected 99 gold pieces.
You spent 45 gold pieces at shops.

Inventory:

Hand Weapons
 a - a +0 mace (weapon)
Missiles
 g - 78 stones (quivered)
 k - 45 arrows
Armour
 b - a +0 robe (worn)
 m - a +0 cloak (worn)
Jewellery
 j - a +4 ring of evasion (left claw)
Scrolls
 c - a scroll of identify {unknown}
 d - 4 scrolls of fear {unknown}
 e - a scroll of acquirement {unknown}
 f - a scroll of magic mapping {unknown}
 i - a scroll of fog {unknown}
 l - a scroll of amnesia {unknown}
 n - a scroll of blinking {unknown}
Potions
 h - 2 potions of mutation {unknown}


   Skills:
 + Level 2.7 Fighting
 + Level 3.8 Maces & Flails
 + Level 3.0 Dodging
 + Level 1.1 Stealth


You had 3 spell levels left.
You didn't know any spells.
Your spell library contained the following spells:

 Spells                   Type           Power      Damage    Failure   Level
 Summon Small Mammal      Summ           0%         N/A       45%         1
 Call Canine Familiar     Summ           0%         N/A       83%         3
 Summon Guardian Golem    Hex/Summ       0%         N/A       83%         3


Dungeon Overview and Level Annotations

Branches:
Dungeon (3/15)

Altars:

Shops:
D:1 [   D:2 [


Innate Abilities, Weirdness & Mutations

You are too large for most types of armour.
You have claws for hands.
Your natural rate of healing is unusually fast.
You are covered in fur. (AC +1)
You have tough skin. (AC +1)


Message History

You feel sick.
You are no longer poisoned.
You barely miss the scorpion.
The scorpion is moderately wounded.
The scorpion stings you but does no damage.
The scorpion misses you.
You hit the scorpion.
The scorpion is heavily wounded.
The scorpion closely misses you.
You completely miss the scorpion.
The scorpion is heavily wounded.
The scorpion stings you. x2
* * * LOW HITPOINT WARNING * * *
The scorpion stings you.
You are poisoned.
The scorpion poisons you!
You feel sick.
You feel sick.
You feel sick.
There is an open door here.
You feel sick.
There is an escape hatch in the ceiling here.
You feel sick. The scorpion closely misses you. The scorpion stings you.
* * * LOW HITPOINT WARNING * * *
You are more poisoned.
The scorpion poisons you! A mysterious force pulls you upwards.
The hatch slams shut behind you.
You feel very sick.
You feel sick.
You feel sick.
You feel sick.
You feel sick. The scorpion stings you.
* * * LOW HITPOINT WARNING * * *
You are lethally poisoned!
The scorpion poisons you!
* * * LOW HITPOINT WARNING * * *
You feel very sick.
* * * LOW HITPOINT WARNING * * *
You feel sick.
You die...

#.####..# #.#..# #.#.####.##.#
#.# #..# #.#..####.#.# #.##.#
..####..# #.........######.##.##
........# ###..#................
..#.....# #..#.##.############
........######..#.##.############
.##.#...........#.##.##..........
.##..............................
..#.............@.s..............
................#.##......##.####
#....#................PPP.##.#
......................P∩..##.#
#....#..#######.#......PP.##.####
.....#..# #.....................
........# ####.##........##.####
.....#..# #.####.....###.#
.....#..#######.####.....# #.#


You could see a scorpion.

Vanquished Creatures
  3 adders (D:2)
  4 endoplasms
  3 giant cockroaches
  7 goblins
  2 hobgoblins
  5 jackals
  3 quokkas
  6 ball pythons
  3 bats
  A frilled lizard (D:1)
  4 kobolds
  4 rats
45 creatures vanquished.

Notes
Turn   | Place    | Note
-------+----------+-------------------------------------------
     0 | D:1      | issech the Troll Monk began the quest for the Orb.
     0 | D:1      | Reached XP level 1. HP: 22/22 MP: 0/0
   260 | D:1      | Reached XP level 2. HP: 29/29 MP: 1/1
   420 | D:1      | Found Haiczot's Armour Emporium.
   787 | D:1      | Found a faded altar of an unknown god.
  1135 | D:2      | Reached XP level 3. HP: 32/36 MP: 2/2
  1326 | D:2      | Found Uten's Antique Armour Shop.
  1463 | D:1      | Bought a +0 cloak for 45 gold pieces
  1638 | D:2      | Reached XP level 4. HP: 41/44 MP: 3/3
  1977 | D:3      | Noticed a scorpion
  2054 | D:2      | HP: 2/44 [poisoned by a scorpion]
  2056 | D:2      | Succumbed to a scorpion's poison

Illustrated notes

Levels and vault maps discovered:
D:1:      amcnicky_arrival_single_pillar, layout_basic, serial_shops,
          nicolae_diamond_shop, serial_rivers, chequers_serial_rivers_large_b,
          chequers_serial_rivers_micro_d, chequers_serial_rivers_micro_c,
          chequers_serial_rivers_micro_c,
          shapermc_ecumenical_altar_mp_ritualfount, minivault_26, st_stairs_12
D:2:      layout_basic, serial_shops, nicolae_shop_overgrown_old_shop,
          minmay_split_cup_large
D:3:      layout_loops_corners, serial_glass, glass_columns_b, glass_columns_c,
          glass_columns_a

Skill      XL: |  1  2  3  4 |
---------------+-------------+-----
Maces & Flails | 3 |  3.8
Dodging        | 3 |  3.0
Fighting       | |  2.7
Stealth        | |  1.1

Action                   |  1- 3 |  4- 6 || total
-------------------------+-------+-------++-------
Melee: Mace              |   133 |    34 ||   167
       Punch             |     1 |       ||     1
 Stab: Sleeping          |     3 |       ||     3
Armor: Robe              |    71 |     4 ||    75
Dodge: Dodged            |   124 |    29 ||   153
